 Dungeon Crawl Stone Soup version 0.31.0-12-g77e489cdc1 (webtiles) character file.

Game seed: 14727260780641209472

184 cdecastro the Ruffian (level 5, -1/40 HPs)
             Began as a Draconian Shapeshifter on Mar 2, 2024.
             Was a Believer of Dithmenos.
             Succumbed to their own poison gas
             ... on level 4 of the Dungeon.
             The game lasted 00:07:47 (3395 turns).

cdecastro the Ruffian (Draconian Shapeshifter)      Turns: 3395, Time: 00:07:48

Health: -1/40      AC:  5    Str: 17 (20) XL:     5   Next: 36%
Magic:  14/14      EV: 12    Int:  8 (10) God:    Dithmenos [**....]
Gold:   220        SH:  0    Dex: 12 (13) Spells: 4/4 levels left

rFire   . .          .
                       - Unarmed
rCold   . . .        (no shield)
rNeg    . . .        (body armour unavailable)
rPois   .            (helmet currently unavailable)
rElec   .            (cloak currently unavailable)
rCorr   .            (gloves currently unavailable)
SInv    .            (boots currently unavailable)
Will    .....        (no amulet)
Stlth   +            h - +6 ring of strength
HPRegen 0.26/turn    i - ring of magical power
MPRegen 0.14/turn

%: no passive effects
@: lethally poisoned (-1 -> -12), beast-form, wreathed by umbra
A: beast (slay +2), AC +5, unfitting armour, cold-blooded, weak 1
a: Begin Untransformation, Renounce Religion, Shadow Step


You were on level 4 of the Dungeon.
You worshipped Dithmenos.
Dithmenos was pleased with you.
You were a hulking beast.
You visited 1 branch of the dungeon, and saw 4 of its levels.

You collected 220 gold pieces.

Inventory:

Armour
 f - a +0 pair of gloves
 k - a +0 pair of gloves
Jewellery
 h - a +6 ring of strength (left hand)
 i - a ring of magical power (right hand)
 m - an amulet of guardian spirit
 r - a ring of poison resistance
Talismans
 b - a beast talisman
 c - a flux talisman
 d - a maw talisman
 q - a storm talisman
Scrolls
 e - 4 scrolls of identify
 g - 2 scrolls of acquirement
 l - a scroll of fog {unknown}
 n - 2 scrolls of vulnerability
 o - a scroll of teleportation {unknown}
 p - a scroll of summoning {unknown}


   Skills:
 - Level 1.1 Fighting
 - Level 1.7 Dodging
 + Level 5.2 Unarmed Combat
 * Level 4.1 Shapeshifting


You had 4 spell levels left.
You didn't know any spells.
Your spell library contained the following spells:

 Spells                   Type           Power      Damage    Failure   Level
 Shock                    Conj/Air       0%         1d3       41%         1
 Dazzling Flash           Conj/Hex       0%         N/A       78%         3
 Inner Flame              Hex/Fire       0%         N/A       78%         3
 Swiftness                Air            0%         N/A       78%         3
 Volatile Blastmotes      Fire/Tloc      0%         2d10      78%         3
 Airstrike                Air            0%         2d(0-16)  99%         4
 Flame Wave               Conj/Fire      0%         2d4       99%         4
 Sticky Flame             Fire/Alch      0%         2d4       99%         4
 Alistair's Intoxication  Alch           0%         N/A       100%        5
 Borgnjor's Vile Clutch   Necr/Erth      0%         N/A       100%        5
 Eringya's Noxious Bog    Alch           0%         4d6       100%        6
 Starburst                Conj/Fire      0%         6d3       100%        6
 Maxwell's Capacitive Co  Air            0%         ∞         100%        8


Dungeon Overview and Level Annotations

Branches:
Dungeon (4/15)
 Temple: D:4-7

Altars:
Dithmenos


Innate Abilities, Weirdness & Mutations

You are a hulking beast.
Your limbs bulge with bestial killing power. (Slay +2)
Your plain brown scales are hard. (AC +5)
You cannot fit into any form of body armour.
You are cold-blooded and may be slowed by cold attacks.
You are weak. (Str -2)


Message History

The black bear growls angrily.
You punch the kobold!
You kill the kobold!
Dithmenos accepts your kill.
You see here a +2 dagger of protection.
The kobold barely misses you. The kobold misses you.
Okay, then.
Unknown command.
Okay, then.
Okay, then.
As you read the scroll labelled QAPUOS JAIFOKUE, it crumbles to dust.
It is a scroll of identify.
g - 2 scrolls of acquirement The black bear bites you.
The black bear closely misses you. The black bear misses you.
The air fills with toxic fumes!
As you read the scroll labelled LEGI VY DIUNE, it crumbles to dust.
It was a scroll of poison.
The kobold hits you but does no damage. The black bear misses you.
The black bear claws you. The black bear barely misses you.
Okay, then.
Unknown command.
You are engulfed in poison gas.
You are poisoned.
You feel very sick.
You are engulfed in poison gas.
You are lethally poisoned!
* * * LOW HITPOINT WARNING * * *
You feel extremely sick.
* * * LOW HITPOINT WARNING * * *
You feel very sick.
* * * LOW HITPOINT WARNING * * *
You feel very sick.
* * * LOW HITPOINT WARNING * * *
You feel very sick.
There is a stone staircase leading up here.
It was a potion of degeneration.
There was something very wrong with that liquid.
You feel weakened.
You feel dopey.
You feel clumsy.
You die...

#...............
#§§§§§§§........
#.§§☼☼☼)........
#.§§§§§.........
#.☼§§§Kh........
###§☼###..######
#§.####+##
#.[.......
#h........
##.###.... #.#
### #.. #...
#...# #...# ####


There were no monsters in sight!

Vanquished Creatures
  6 adders
  3 gnolls (D:2)
  3 dart slugs
  4 ribbon worms
  4 orcs (D:3)
  4 ball pythons
  5 bats
  7 endoplasms
  2 giant cockroaches
  5 goblins
  6 hobgoblins
  9 jackals
  7 kobolds
  3 quokkas
  6 frilled lizards
  7 rats
81 creatures vanquished.

Notes
Turn   | Place    | Note
-------+----------+-------------------------------------------
     0 | D:1      | cdecastro the Draconian Shapeshifter began the quest for
                  | the Orb.
     0 | D:1      | Reached XP level 1. HP: 16/16 MP: 1/1
   132 | D:1      | Found a faded altar of an unknown god.
   145 | D:1      | Reached XP level 2. HP: 23/23 MP: 2/2
   152 | D:1      | Prayed at the altar of an unknown god.
   152 | D:1      | Became a worshipper of Dithmenos the Shadowed
   152 | D:1      | Reached * piety under Dithmenos
   697 | D:1      | Reached XP level 3. HP: 28/28 MP: 3/3
  1354 | D:1      | Reached skill level 4 in Unarmed Combat
  1639 | D:2      | Reached ** piety under Dithmenos
  1660 | D:2      | Gained mutation: You are weak. (Str -2) [potion of
                  | mutation]
  1696 | D:2      | HP: 1/28 [gnoll/+0 spear (1)]
  1933 | D:2      | Reached XP level 4. HP: 29/35 MP: 4/4
  2388 | D:2      | Reached XP level 5. HP: 40/40 MP: 5/5
  2480 | D:3      | Reached skill level 5 in Unarmed Combat
  3382 | D:4      | Noticed a black bear
  3388 | D:4      | Identified 2 scrolls of acquirement
  3394 | D:4      | HP: 1/40 [poisoned by you (poison gas)]
  3395 | D:4      | Succumbed to their own poison gas

Illustrated notes

Levels and vault maps discovered:
D:1:      dpeg_arrival_lava_altar, layout_basic,
          ebering_ecumenical_altar_sacrificial
D:2:      layout_rooms, minmay_vboxes
D:3:      layout_loops_cross, hangedman_abyss_or_decor_stabs, minivault_5,
          kennysheep_doodads, chequers_mini_garden
D:4:      layout_gridville, nicolae_shop_i_like_small_books_too

Skill      XL: |  1  2  3  4  5 |
---------------+----------------+-----
Unarmed Combat | 4 5 |  5.2
Shapeshifting  | 4 |  4.1
Fighting       | |  1.1
Dodging        | |  1.7

Action                     |  1- 3 |  4- 6 || total
---------------------------+-------+-------++-------
  Melee: Unarmed           |   115 |    86 ||   201
         Tailslap          |    10 |    10 ||    20
         Punch             |       |     3 ||     3
    Use: Potion            |     3 |     1 ||     4
         Scroll            |     1 |     2 ||     3
   Stab: Sleeping          |     1 |     2 ||     3
 Armour: Skin              |    93 |    35 ||   128
  Dodge: Dodged            |    81 |    55 ||   136
